Rulven, neutral male human Wizard -- ---.- |.... |.....-- |.......--- -........- |.....%.. --.....%..----- |G@../%.)@--..| --..... --...<| ---. -.---- | ..| --- Rulven the Conjurer Experience level: 3 Strength: 11 Dexterity: 14 Constitution: 10 Intelligence: 18 Wisdom: 10 Charisma: 12 Health: 0(30) Energy: 34(34) Def: 1 Gold: 455 Moves: 519 Dungeon seed: pWT10EPAGkdCKH76 Game ID: Rulven_1514168208 Your Inventory: Coins $ - 455 gold pieces Weapons a - a blessed +1 quarterstaff (weapon in hands) m - an uncursed +0 orcish bow q - an uncursed +1 boomerang Armor e - an uncursed +0 cloak of magic resistance (being worn) n - an uncursed +0 orcish helm Comestibles j - an uncursed fortune cookie s - an uncursed cream pie Scrolls k - a blessed scroll of teleportation l - an uncursed scroll of identify p - a cursed scroll of magic mapping Potions i - a blessed potion of booze o - an uncursed potion of acid Wands b - an uncursed wand of striking (0:4) Tools h - an uncursed blindfold Gems r - an uncursed worthless piece of green glass Spells and supernatural/magical abilities: Spells marked with '*' are forgotten. Spells marked with '!' are maintained. Spells marked with '#' are aliased with 'castalias'. Name Level Category Fail Memory a - force bolt 1 attack 0% 100% h - healing 1 healing 0% 100% m - magic missile 2 attack 0% 100% U - detect unseen 3 divination 66% 100% W - pray for help -- divine ? -- Your skills at the end: Fighting Skills wands [Basic] Weapon Skills quarterstaff [Basic] Spellcasting Skills attack spells [Basic] enchantment spells [Basic] Final Attributes: You were magic resistant. You are dead. Vanquished creatures: a gnome king an acid blob 2 jackals 3 kobolds a goblin 2 sewer rats a grid bug a bat 2 newts 14 creatures vanquished. Voluntary challenges: You were an atheist. You used a wielded weapon 1 time, starting on turn 234. You read items or engraved 14 times, starting on turn 2. You never genocided any monsters. You never polymorphed an object. You never changed form. You used no wishes. You never split a pudding. You never wrote Elbereth's name. You never violated your personal moral code. Dungeon overview: The Dungeons of Doom: levels 1 to 2 Level 1 a fountain, a vault a long staircase Level 2 a vault stairs to The Gnomish Mines The Gnomish Mines: Level 3 <- You were here stairs to The Dungeons of Doom History has recorded: On T:1 you entered the Dungeons of Doom to retrieve the Amulet of Yendor! On T:99 you reached level 2 of The Dungeons of Doom. On T:328 you advanced to experience level 2. On T:481 you advanced to experience level 3. On T:511 you reached level 1 of The Gnomish Mines. Score breakdown: Gold: 455 ( 9044 points) Experience: 3 levels ( 7878 points) Exploration: 3 levels ( 6.00%) ( 6060 points) Discoveries: 2 items ( 0.67%) ( 2461 points) Valuables value: (no points given unless you survive) Artifact value: 0 ( 0 points) Variety of kills: 9 monsters ( 2.37%) ( 4616 points) Turncount: 519 turns ( 0 points) Survival: died (score multiplied by 80%) Total score: 24047 Latest messages: The crossbow bolt misses Mushanokouji Narinaka. The crossbow bolt hits the gnome king. Mushanokouji Narinaka shoots a bamboo arrow! The bamboo arrow hits the gnome king. Mushanokouji Narinaka shoots a bamboo arrow! The bamboo arrow hits the gnome king! The gnome king is killed! Mushanokouji Narinaka shoots 2 bamboo arrows! You are hit by the 1st bamboo arrow. You are almost hit by the 2nd bamboo arrow. Mushanokouji Narinaka shoots a bamboo arrow! You are almost hit by a bamboo arrow. Mushanokouji Narinaka shoots a bamboo arrow! You are hit by a bamboo arrow. Mushanokouji Narinaka shoots 2 bamboo arrows! You are hit by the 1st bamboo arrow! You are hit by the 2nd bamboo arrow! Wizard, your life force is running out. The gnome shoots a crossbow bolt! The crossbow bolt misses Mushanokouji Narinaka. You are hit by a crossbow bolt. You die... Final status: Goodbye Rulven the Wizard, killed by a crossbow bolt, while sleeping... You died in The Gnomish Mines on dungeon level 3 with 24047 points, and 455 pieces of gold, after 519 moves. You were level 3 with a maximum of 30 hit points when you died.